 Dungeon Sprint DCSS version 0.30-a0-953-g5f1da4a474 (webtiles) character file.

Game seed: 13388669683424971184

935 dialectric the Unseen (level 8, -1/57 HPs)
             Began as an Octopode Brigand on Mar 28, 2023.
             Slain by a scorpion (7 damage)
             ... in the Dungeon (Sprint II: "The Violet Keep of Menkaure").
             The game lasted 00:00:30 (70 turns).

dialectric the Unseen (Octopode Brigand)              Turns: 70, Time: 00:00:31

Health: -1/57      AC:  1    Str: 10    XL:     8   Next: 11%
Magic:  8/8        EV: 14    Int: 14    God:
Gold:   486        SH:  0    Dex: 15    Spells: 7/7 levels left

rFire   . . .      SeeInvis .    a - +2 dagger
rCold   . . .      Faith    .    (no shield)
rNeg    . . .      Spirit   .    (helmet restricted)
rPois   .          Reflect  .    (no amulet)
rElec   .          Rampage  .    (no ring)
rCorr   .          NoTele   +    (no ring)
Will    .....                    (no ring)
Stlth   +++++++++                (no ring)
HPRegen 0.29/turn                (no ring)
MPRegen 0.11/turn                (no ring)
                                 (no ring)
                                 (no ring)

@: lethally poisoned (-1 -> -8)
A: almost no armour, amphibious, 8 rings, camouflage 1, gelatinous body 1,
(nimble swimmer 1), tentacles
a: no special abilities


You were in the Dungeon.
You visited 1 branch You collected 486 gold pieces.

Inventory:

Hand Weapons
 a - a +2 dagger (weapon)
Missiles
 b - 9 poisoned darts (quivered)
 c - 3 curare-tipped darts
Scrolls
 i - a scroll of blinking
Potions
 e - a potion of heal wounds
 f - a potion of haste
 g - 2 potions of magic


   Skills:
 + Level 5.6 Fighting
 + Level 6.0 Short Blades
 - Level 3.4 Throwing
 + Level 2.8 Dodging
 + Level 20.6 Stealth


You had 7 spell levels left.
You didn't know any spells.
Your spell library was empty.

Dungeon Overview and Level Annotations

Branches:
Dungeon (1/1)

Altars:


Innate Abilities, Weirdness & Mutations

You cannot wear most types of armour.
You are amphibious.
You can wear up to eight rings at the same time.
Your skin changes colour to match your surroundings (Stealth+).
Your rubbery body absorbs attacks. (AC +1, EV +1)
((You are camouflaged when in or above water. (Stealth+)))
You have tentacles for arms and can constrict up to eight enemies at once.


Message History

The scorpion is severely wounded.
You constrict the scorpion.
You feel very sick. The scorpion closely misses you.
You hit the scorpion but do no damage. You squeeze the scorpion.
You kill the scorpion!
You feel very sick. The scorpion stings you.
* * * LOW HITPOINT WARNING * * *
You are lethally poisoned!
The scorpion poisons you!
Your Short Blades skill increases to level 6!
* * * LOW HITPOINT WARNING * * *
You feel very sick.
You see here a scorpion corpse.
You feel better. The scorpion misses you. The scorpion stings you.
* * * LOW HITPOINT WARNING * * *
You closely miss the scorpion. You grab the scorpion.
You constrict the scorpion. The scorpion stings you!
* * * LOW HITPOINT WARNING * * *
You hit the scorpion but do no damage.
The scorpion is lightly wounded.
You constrict the scorpion, but do no damage.
The scorpion misses you.
You hit the scorpion but do no damage.
The scorpion is lightly wounded.
You constrict the scorpion. The scorpion closely misses you.
The scorpion stings you but does no damage.
You barely miss the scorpion.
The scorpion is lightly wounded.
You constrict the scorpion. The scorpion stings you.
* * * LOW HITPOINT WARNING * * *
You are lethally poisoned!
The scorpion poisons you! The scorpion closely misses you.
You hit the scorpion but do no damage.
The scorpion is moderately wounded.
You constrict the scorpion.
* * * LOW HITPOINT WARNING * * *
You feel sick. The scorpion completely misses you. The scorpion stings you!
You die...

.. B. ## B#.
###
#.###+###.##
#.##.##...#
#.'.<.'.#.+
#..##.##.).#
#.###'###.##
## #.#s####
#.s#@s#
###$### #+


You could see 2 scorpions.

Vanquished Creatures
  A merfolk siren (D)
  4 neqoxecs (D)
  2 scorpions (D)
7 creatures vanquished.

Vanquished Creatures (others)
  Menkaure (D)
  A water moccasin (D)
2 creatures vanquished.

Grand Total: 9 creatures vanquished

Notes
Turn   | Place    | Note
-------+----------+-------------------------------------------
     0 | D        | dialectric the Octopode Brigand began the quest for the
                  | Orb.
     0 | D        | Reached XP level 1. HP: 14/14 MP: 1/1
     1 | D        | Noticed a neqoxec
     1 | D        | Noticed a neqoxec
     1 | D        | Noticed a neqoxec
     1 | D        | Noticed a neqoxec
     3 | D        | Noticed a boulder beetle
     3 | D        | Noticed a boulder beetle
     9 | D        | Killed a neqoxec
    10 | D        | Reached skill level 12 in Stealth
    10 | D        | Reached XP level 2. HP: 16/21 MP: 2/2
    10 | D        | Reached XP level 3. HP: 20/26 MP: 3/3
    10 | D        | Reached XP level 4. HP: 24/31 MP: 4/4
    10 | D        | Reached XP level 5. HP: 28/36 MP: 5/5
    12 | D        | Killed a neqoxec
    13 | D        | Reached skill level 15 in Stealth
    13 | D        | Reached XP level 6. HP: 33/43 MP: 6/6
    15 | D        | Killed a water moccasin
    16 | D        | Killed a neqoxec
    17 | D        | Reached skill level 17 in Stealth
    19 | D        | Killed a neqoxec
    20 | D        | Reached skill level 5 in Short Blades
    20 | D        | Reached skill level 18 in Stealth
    20 | D        | Reached XP level 7. HP: 39/49 MP: 7/7
    32 | D        | Killed Menkaure
    42 | D        | Noticed a merfolk siren
    45 | D        | Killed a merfolk siren
    46 | D        | Reached skill level 5 in Fighting
    46 | D        | Reached skill level 20 in Stealth
    58 | D        | Reached XP level 8. HP: 33/56 MP: 8/8
    70 | D        | Slain by a scorpion

Illustrated notes

Levels and vault maps discovered:
D:        the_violet_keep_of_menkaure [sprint2_stairs_cluster_1,
          sprint2_shoproom, sprint2_temple, sprint2_basic_supplies,
          sprint2_obstacle_5, sprint2_obstacle_3, sprint2_obstacle_4,
          sprint2_obstacle_6, sprint2_obstacle_1, sprint2_timed_cluster_1,
          sprint2_smallroom_cluster_1, sprint2_smallroom_final_cluster_1,
          sprint2_transparent_cluster_1, sprint2_second_timed_cluster_1,
          sprint2_sniper_area_1, sprint2_heavy_combat_area_1,
          sprint2_mutation_trap_area_1, sprint2_forest_area_1,
          sprint2_light_combat_area_1, sprint2_behind_water_1,
          sprint2_near_end_vault_1]

Skill      XL: |  1  2  3  4  5  6  7  8 |
---------------+-------------------------+-----
Fighting       | 3 4 5 |  5.6
Short Blades   | 3 4 5 6 |  6.0
Throwing       | 3 |  3.4
Stealth        | 12 15 18 20 | 20.6
Dodging        | 2 |  2.8

Action                     |  1- 3 |  4- 6 |  7- 9 || total
---------------------------+-------+-------+-------++-------
  Melee: Dagger            |     3 |    10 |    13 ||    26
         Tentacles         |     3 |     2 |     1 ||     6
         Constrict         |     1 |     2 |     2 ||     5
         Punch             |       |     1 |       ||     1
    Use: Potion            |     1 |       |     1 ||     2
   Stab: Sleeping          |       |       |     2 ||     2
 Armour: Skin              |       |     1 |     2 ||     3
  Dodge: Dodged            |     2 |     1 |    14 ||    17

Table legend: (Time is in decaauts)
 A = Elapsed time spent in this place.
 B = Non-inter-level travel time spent in this place.
 C = Inter-level travel time spent in this place.
 D = Time resting spent in this place.
 E = Time spent auto-exploring this place.
 F = Levels seen in this place.
 G = Mean time per level.
                   A        B        C        D        E       F      G
               +--------+--------+--------+--------+--------+-----+--------+
         Total |     69 |     69 |      0 |     22 |      0 |   1 |   69.0 |
       Dungeon |     69 |     69 |      0 |     22 |      0 |   1 |   69.0 |
               +--------+--------+--------+--------+--------+-----+--------+

Top non-repeatable levels by time:
       D: 69 daAuts
